 Dungeon Crawl Stone Soup version 0.19-a0-1896-g611e798 (webtiles) character file.

770 Naow the Shield-Bearer (level 8, 0/62 HPs)
             Began as a Formicid Fighter on Oct 19, 2016.
             Was an Initiate of Okawaru.
             Slain by Naow's ghost (17 damage)
             ... on level 4 of the Dungeon.
             The game lasted 00:09:09 (4684 turns).

Naow the Shield-Bearer (Formicid Fighter)           Turns: 4684, Time: 00:09:10

Health: 0/62       AC:  7    Str: 22    XL:     8   Next: 9%
Magic:  8/8        EV:  8    Int:  9    God:    Okawaru [......]
Gold:   246        SH: 10    Dex: 12    Spells: 0 memorised, 7 levels left

rFire  x . .     SeeInvis +     a - +0 war axe
rCold  + . .     Gourm    .     b - +0 scale mail
rNeg   . . .     Faith    .     c - +0 shield
rPois  .         Spirit   .     (helmet unavailable)
rElec  .         Reflect  .     (no cloak)
rCorr  .         Harm     .     (no gloves)
MR     .....                    (no boots)
Stlth  ..........               (no amulet)
                                y - +2 ring of dexterity
                                F - ring of ice

@: no status effects
A: permanent stasis, dig shafts and tunnels, four strong arms, antennae 3
a: Dig, Shaft Self, Renounce Religion


You were on level 4 of the Dungeon.
You worshipped Okawaru.
Okawaru was noncommittal.
You were hungry.

You visited 2 branches of the dungeon, and saw 6 of its levels.

You collected 246 gold pieces.

Inventory:

Hand Weapons
 a - a +0 war axe (weapon)
 G - a +0 blowgun
Missiles
 H - 5 curare-tipped needles
Armour
 b - a +0 scale mail (worn)
 c - a +0 shield (worn)
Jewellery
 i - an uncursed ring of positive energy
 y - a +2 ring of dexterity (right hand)
 F - a ring of ice (left hand)
Scrolls
 d - a scroll of remove curse {unknown}
 h - 2 scrolls of immolation {unknown}
 k - 2 scrolls of recharging {unknown}
 l - a scroll of teleportation {unknown}
 n - 7 scrolls of identify {unknown}
 q - 3 scrolls of noise {unknown}
 s - a scroll of amnesia {unknown}
 C - a scroll of random uselessness {unknown}
Potions
 e - a potion of magic {unknown}
 g - a potion of resistance {unknown}
 j - a potion of cure mutation {unknown}
 m - 3 potions of degeneration {unknown}
 o - a potion of brilliance {unknown}
 p - 3 potions of curing {unknown}
 r - a potion of agility {unknown}
 w - a potion of flight {unknown}
 x - a potion of haste
 z - a potion of lignification {unknown}
 D - a potion of heal wounds {unknown}
Books
 v - a book of Maledictions

   Spells                             Type                      Level
   a - Corona                         Hexes                        1
   b - Ensorcelled Hibernation        Hexes/Ice                    2
   c - Confuse                        Hexes                        3
   d - Tukima's Dance                 Hexes                        3
   e - Dazzling Spray                 Conjuration/Hexes            3
 B - a book of Necromancy

   Spells                             Type                      Level
   a - Pain                           Necromancy                   1
   b - Animate Skeleton               Necromancy                   1
   c - Vampiric Draining              Necromancy                   3
   d - Regeneration                   Charms/Necromancy            3
   e - Animate Dead                   Necromancy                   4
   f - Control Undead                 Necromancy                   4
Comestibles
 f - 6 bread rations
 t - a beef jerky
 u - 3 meat rations
 A - 3 fruits
 E - a slice of pizza
 I - a chunk of flesh


   Skills:
 + Level 5.2 Fighting
 * Level 5.8 Axes
 + Level 5.0 Armour
 + Level 5.9 Shields


You had 7 spell levels left.
You didn't know any spells.

Dungeon Overview and Level Annotations

Branches:
Dungeon (5/15)             Temple (1/1) D:4

Altars:
Dithmenos
Elyvilon
Gozag
Hepliaklqana
Kikubaaqudgha
Nemelex Xobeh
Okawaru
Qazlal
Ru
Sif Muna
Trog
Vehumet
Xom

Shops:
D:4 ?=[(

Annotations:
D:4 Duvessa; Naow's ghost, amateur FoFi


Innate Abilities, Weirdness & Mutations

You are under a permanent stasis effect.
You can dig through walls and to a lower floor.
Your four strong arms can wield two-handed weapons with a shield.
You have a pair of large antennae on your head. (SInv)


Message History

Naow's ghost is lightly damaged.
Naow's ghost hits you!
You hit Naow's ghost but do no damage.
Naow's ghost is lightly damaged.
Naow's ghost hits you.
You closely miss Naow's ghost.
Naow's ghost is lightly damaged.
You block Naow's ghost's attack. Naow's ghost hits you.
You miss Naow's ghost.
Naow's ghost is lightly damaged.
Naow's ghost hits you.
You hit Naow's ghost.
Naow's ghost is lightly damaged.
Naow's ghost closely misses you.
You slash Naow's ghost!
Naow's ghost is moderately damaged.
Naow's ghost hits you!
* * * LOW HITPOINT WARNING * * *
Naow's ghost hits you!
You die...

.............# #.# # ####.#
##.#####.###.# #.# #. #....(
#...## #.###.###.# ###.##.##.#
.....# #.........# #......##.#
#...####.........# #.......#
##.## #........#.# #.......# #.#
#.#.##.#.#.# ####.#### #.#
#.#.#..#.#W# #...# ##'##
#.#.#.##.#@# ## #.#.#
#...###.#........# ≈≈ #.#.#
.....##........### #§#.#.#
......#####..### # #≈....#
.......####...######§#'#≈...##
.......'.........W..≈≈.≈≈......'$
.......####...########.......###.
......## #..## #####.#.#
.....######.## ###.#


You could see Naow's ghost.

Vanquished Creatures
  Pikel (D:3)
  Blork the orc (D:4)
  A hound (D:4)
  A centaur skeleton (D:5)
  Ijyb (D:3)
  A worker ant (D:4)
  2 iguanas
  7 adders
  An adder skeleton (D:4)
  A worm (D:3)
  A dart slug (D:3)
  3 leopard geckos
  4 orcs (D:3)
  2 giant cockroaches (D:3)
  7 goblins
  3 hobgoblins
  3 jackals (D:2)
  7 kobolds
  3 quokkas
  2 ball pythons
  4 bats (D:2)
  2 frilled lizards (D:1)
  A quokka skeleton (D:4)
  4 rats
63 creatures vanquished.

Vanquished Creatures (others)
  A slave (D:4)
  Dowan (D:4)
2 creatures vanquished.

Grand Total: 65 creatures vanquished

Notes
Turn   | Place    | Note
-------+----------+-------------------------------------------
     0 | D:1      | Naow the Formicid Fighter began the quest for the Orb.
     0 | D:1      | Reached XP level 1. HP: 18/18 MP: 1/1
   134 | D:1      | Reached XP level 2. HP: 24/24 MP: 2/2
   672 | D:2      | Found a sacrificial altar of Ru.
   742 | D:2      | Reached XP level 3. HP: 29/29 MP: 3/3
   890 | D:2      | Found a radiant altar of Vehumet.
  1055 | D:2      | Found a sparkling altar of Nemelex Xobeh.
  1258 | D:2      | You fall through a shaft for 2 floors!
  1263 | D:4      | Found Jogoschucw's Weapon Emporium.
  1315 | D:4      | Found Tiaruaso's Armour Shoppe.
  1330 | D:4      | Noticed Blork the orc
  1342 | D:4      | Killed Blork the orc
  1342 | D:4      | Reached XP level 4. HP: 23/37 MP: 4/4
  1342 | D:4      | Reached XP level 5. HP: 26/42 MP: 5/5
  1430 | D:4      | Noticed Naow's ghost (amateur FoFi)
  1450 | D:5      | Entered Level 5 of the Dungeon
  1678 | D:5      | Found a radiant altar of Vehumet.
  1884 | D:5      | Noticed Pikel
  1887 | D:5      | Noticed a slave
  1888 | D:5      | Noticed a slave
  1890 | D:5      | Noticed a slave
  1893 | D:5      | Noticed a slave
  1900 | D:4      | Found Emishid's Jewellery Emporium.
  1906 | D:4      | Reached XP level 6. HP: 34/48 MP: 6/6
  1932 | D:4      | Found Luphuenk's Magic Scroll Boutique.
  1963 | D:4      | Noticed Dowan
  1964 | D:4      | Noticed Duvessa
  2339 | D:3      | Noticed Ijyb
  2351 | D:3      | Killed Ijyb
  2585 | D:3      | Found an ancient bone altar of Kikubaaqudgha.
  3020 | D:2      | Reached skill level 5 in Shields
  3178 | D:3      | Killed Pikel
  3178 | D:3      | Reached skill level 5 in Fighting
  3178 | D:3      | Reached skill level 5 in Axes
  3178 | D:3      | Reached XP level 7. HP: 16/56 MP: 7/7
  3488 | D:4      | Found a staircase to the Ecumenical Temple.
  3506 | Temple   | Entered the Ecumenical Temple
  3702 | Temple   | Became a worshipper of Warmaster Okawaru
  3765 | D:4      | Killed Dowan
  3769 | D:4      | Reached XP level 8. HP: 56/62 MP: 8/8
  3800 | D:4      | Found an opulent altar of Gozag.
  4603 | D:3      | Reached skill level 5 in Armour
  4684 | D:4      | Slain by Naow's ghost

Vault maps used:
D:1:      dpeg_arrival_castle, serial_park_tiny_2
D:2:      nemelex_xobeh_ov_fountains_minmay, fiery_altar_vehumet,
          nicolae_ru_path_of_blood, first_bread, minmay_misc_feat_alley,
          kennysheep_boxes
D:3:      old_standard_altar, uniq_iyjb
D:4:      serial_shops, kennysheep_mini_moat, nicolae_shop_trees, shop, shop,
          shop, grunt_gozag_statues, uniq_duvessa, uniq_blork_the_orc
D:5:      basic_altar, uniq_pikel, uniq_crazy_yiuf_cottage
Temple:   jpeg_temple_island

Skill      XL: |  1  2  3  4  5  6  7  8 |
---------------+-------------------------+-----
Shields        | 4 5 |  5.9
Axes           | 3 4 5 |  5.8
Fighting       | 4 5 |  5.2
Armour         | 4 5 |  5.0

Action                   |  1- 3 |  4- 6 |  7- 9 || total
-------------------------+-------+-------+-------++-------
Melee: War axe           |   115 |   105 |    98 ||   318
  Use: Potion            |     1 |     1 |       ||     2
  Eat: Chunk             |     2 |     5 |     5 ||    12
Armor: Scale mail        |    48 |    48 |    22 ||   118
Dodge: Dodged            |    48 |    45 |    32 ||   125
Block: Shield            |    67 |    71 |    51 ||   189
